TOP OF THE 1ST |
Austin River Sharks batting - Pitching for Jersey Shore D-Bags : LHP Li-xue Si-ma
|
Pitching: LHP Li-xue Si-ma
|
|
Batting: RHB Tyler Wagner
|
0-0: Ball 1-0: SINGLE (Flyball, 89S)
|
Batting: RHB Hidetada Kichida
|
0-0: Fielders Choice at 2nd, 4-6 (Groundball, 4M)
|
Batting: LHB Roberto García
|
0-0: Grounds into double play, 4-3-6 (Groundball, 34)
|
Top of the 1st over - 0 run(s), 1 hit(s), 0 error(s), 0 left on base; Austin 0 - Jersey Shore 0 |
BOTTOM OF THE 1ST |
Jersey Shore D-Bags batting - Pitching for Austin River Sharks : RHP José Martínez
|
Pitching: RHP José Martínez
|
|
Batting: RHB Orlando Bruno
|
0-0: Called Strike 0-1: Ball 1-1: Ground out 6-3 (Groundball, 6)
|
Batting: RHB Ricardo González
|
0-0: Ball 1-0: Called Strike 1-1: Ground out 4-3 (Groundball, 4)
|
Batting: LHB Mike Bryant
|
0-0: Ground out 5-3 (Groundball, 56S)
|
Bottom of the 1st over - 0 run(s), 0 hit(s), 0 error(s), 0 left on base; Austin 0 - Jersey Shore 0 |
TOP OF THE 2ND |
Austin River Sharks batting - Pitching for Jersey Shore D-Bags : LHP Li-xue Si-ma
|
Batting: LHB Terry Maloney
|
0-0: Foul Ball, location: 2F 0-1: Ball 1-1: Ball 2-1: Foul Ball, location: 2F 2-2: Ground out 6-3 (Groundball, 6)
|
Batting: RHB Rich Ruffin
|
0-0: Ball 1-0: Called Strike 1-1: Ball 2-1: Foul Ball, location: 2F 2-2: Fly out, F8 (Flyball, 8LM)
|
Batting: LHB Pedro Zaragoza
|
0-0: Foul Ball, location: 2F 0-1: Ball 1-1: Ball 2-1: Foul Ball, location: 2F 2-2: Strikes out swinging
|
Top of the 2nd over - 0 run(s), 0 hit(s), 0 error(s), 0 left on base; Austin 0 - Jersey Shore 0 |
BOTTOM OF THE 2ND |
Jersey Shore D-Bags batting - Pitching for Austin River Sharks : RHP José Martínez
|
Batting: LHB Dave Dodd
|
0-0: Foul Ball, location: 2F 0-1: Fly out, F7 (Flyball, 7LS)
|
Batting: SHB Tadahisa Kisuki
|
0-0: Ball 1-0: Foul Ball, location: 2F 1-1: Swinging Strike 1-2: Strikes out swinging
|
Batting: LHB Armando Macías
|
0-0: Foul Ball, location: 2F 0-1: Ball 1-1: Fly out, F7 (Flyball, 7M)
|
Bottom of the 2nd over - 0 run(s), 0 hit(s), 0 error(s), 0 left on base; Austin 0 - Jersey Shore 0 |
TOP OF THE 3RD |
Austin River Sharks batting - Pitching for Jersey Shore D-Bags : LHP Li-xue Si-ma
|
Batting: SHB Juan Castro
|
0-0: Ball 1-0: Foul Ball, location: 2F 1-1: Called Strike 1-2: Fly out, F9 (Flyball, 9S)
|
Batting: RHB Kenneth Roberts
|
0-0: Called Strike 0-1: Foul Ball, location: 2F 0-2: Foul Ball, location: 2F 0-2: DOUBLE (Groundball, 5L)
|
Batting: RHB José Balina
|
0-0: Ball 1-0: Fly out, F8 (Flyball, 8RS)
|
Batting: RHB Tyler Wagner
|
0-0: Ball 1-0: Called Strike 1-1: Called Strike 1-2: Strikes out swinging
|
Top of the 3rd over - 0 run(s), 1 hit(s), 0 error(s), 1 left on base; Austin 0 - Jersey Shore 0 |
BOTTOM OF THE 3RD |
Jersey Shore D-Bags batting - Pitching for Austin River Sharks : RHP José Martínez
|
Batting: LHB Ricardo Berroa
|
0-0: Ball 1-0: Foul Ball, location: 2F 1-1: SINGLE (Line Drive, 6MD)
|
Batting: RHB Gerardo Escobedo
|
0-0: Ball 1-0: Ball 2-0: Called Strike 2-1: Foul Ball, location: 2F 2-2: Strikes out swinging
|
Batting: RHB Cy Keynes
|
0-0: Swinging Strike 0-1: Foul Ball, location: 2F 0-2: Ball 1-2: Ball 2-2: Fly out, F9 (Flyball, 9LS)
|
Batting: RHB Orlando Bruno
|
0-0: Called Strike 0-1: SINGLE (Flyball, 78S) Ricardo Berroa to second Runner from 2nd tries for 3rd, SAFE, throw made to third
|
Batting: RHB Ricardo González
|
0-0: Called Strike 0-1: Ball Wild Pitch! Ricardo Berroa scores Orlando Bruno to second 1-1: Fly out, F9 (Flyball, 9LM)
|
Bottom of the 3rd over - 1 run(s), 2 hit(s), 0 error(s), 1 left on base; Austin 0 - Jersey Shore 1 |
TOP OF THE 4TH |
Austin River Sharks batting - Pitching for Jersey Shore D-Bags : LHP Li-xue Si-ma
|
Batting: RHB Hidetada Kichida
|
0-0: Called Strike 0-1: Foul Ball, location: 2F 0-2: Ground out 1-3 (Groundball, 23)
|
Batting: LHB Roberto García
|
0-0: Ball 1-0: Foul Ball, location: 2F 1-1: Ball 2-1: Foul Ball, location: 2F 2-2: Strikes out swinging
|
Batting: LHB Terry Maloney
|
0-0: Ball 1-0: Foul Ball, location: 2F 1-1: Ball 2-1: Foul Ball, location: 2F 2-2: Ball 3-2: Foul Ball, location: 2F
|
|
|
|
3-2: Strikes out swinging
|
Top of the 4th over - 0 run(s), 0 hit(s), 0 error(s), 0 left on base; Austin 0 - Jersey Shore 1 |
BOTTOM OF THE 4TH |
Jersey Shore D-Bags batting - Pitching for Austin River Sharks : RHP José Martínez
|
Batting: LHB Mike Bryant
|
0-0: Foul Ball, location: 2F 0-1: Foul Ball, location: 2F 0-2: Ball 1-2: Strikes out looking
|
Batting: LHB Dave Dodd
|
0-0: Called Strike 0-1: Called Strike 0-2: Ball 1-2: Strikes out swinging
|
Batting: SHB Tadahisa Kisuki
|
0-0: Called Strike 0-1: Ball 1-1: Ground out 4-3 (Groundball, 4)
|
Bottom of the 4th over - 0 run(s), 0 hit(s), 0 error(s), 0 left on base; Austin 0 - Jersey Shore 1 |
TOP OF THE 5TH |
Austin River Sharks batting - Pitching for Jersey Shore D-Bags : LHP Li-xue Si-ma
|
Batting: RHB Rich Ruffin
|
0-0: Ground out 1-3 (Groundball, 15)
|
Batting: LHB Pedro Zaragoza
|
0-0: Ball 1-0: Called Strike 1-1: Ball 2-1: Ball 3-1: Base on Balls
|
Batting: SHB Juan Castro
|
0-0: Foul Ball, location: 2F 0-1: Ball 1-1: Ground out 5-3 (Groundball, 5S) Pedro Zaragoza to second
|
Batting: RHB Kenneth Roberts
|
0-0: Ball 1-0: Ball 2-0: Fly out, F7 (Line Drive, 7M)
|
Top of the 5th over - 0 run(s), 0 hit(s), 0 error(s), 1 left on base; Austin 0 - Jersey Shore 1 |
BOTTOM OF THE 5TH |
Jersey Shore D-Bags batting - Pitching for Austin River Sharks : RHP José Martínez
|
Batting: LHB Armando Macías
|
0-0: Called Strike 0-1: Ball 1-1: Called Strike 1-2: Ball 2-2: Ball 3-2: Foul Ball, location: 2F 3-2: Ground out 6-3 (Groundball, 6MS)
|
Batting: LHB Ricardo Berroa
|
0-0: Called Strike 0-1: Ball 1-1: Swinging Strike 1-2: Strikes out looking
|
Batting: RHB Gerardo Escobedo
|
0-0: Called Strike 0-1: Called Strike 0-2: Ball 1-2: Foul Ball, location: 2F 1-2: Strikes out swinging
|
Bottom of the 5th over - 0 run(s), 0 hit(s), 0 error(s), 0 left on base; Austin 0 - Jersey Shore 1 |
TOP OF THE 6TH |
Austin River Sharks batting - Pitching for Jersey Shore D-Bags : LHP Li-xue Si-ma
|
Batting: RHB José Balina
|
0-0: Called Strike 0-1: Ball 1-1: Ball 2-1: Swinging Strike 2-2: Foul Ball, location: 2F 2-2: Foul Ball, location: 2F 2-2: Ball 3-2: Base on Balls
|
Batting: RHB Tyler Wagner
|
0-0: Called Strike 0-1: Ball 1-1: Ball 2-1: Swinging Strike 2-2: Strikes out swinging
|
Batting: RHB Hidetada Kichida
|
Pickoff Throw to First - Error! E1 José Balina to second 0-0: Ball 1-0: Ball 2-0: Called Strike 2-1: Ground out 5-3 (Groundball, 56)
|
Batting: LHB Roberto García
|
0-0: Ball 1-0: Called Strike 1-1: Foul Ball, location: 2F 1-2: Ball 2-2: Ground out U3 (Groundball, 3)
|
Top of the 6th over - 0 run(s), 0 hit(s), 1 error(s), 1 left on base; Austin 0 - Jersey Shore 1 |
BOTTOM OF THE 6TH |
Jersey Shore D-Bags batting - Pitching for Austin River Sharks : RHP José Martínez
|
Batting: RHB Cy Keynes
|
0-0: Ball 1-0: Called Strike 1-1: Foul Ball, location: 2F 1-2: Ball 2-2: SINGLE (Groundball, 56)
|
Batting: RHB Orlando Bruno
|
0-0: Foul Ball, location: 2F 0-1: Swinging Strike 0-2: Foul Ball, location: 2F 0-2: Strikes out looking
|
Batting: RHB Ricardo González
|
0-0: Called Strike 0-1: Grounds into double play, 4-6-3 (Groundball, 4)
|
Bottom of the 6th over - 0 run(s), 1 hit(s), 0 error(s), 0 left on base; Austin 0 - Jersey Shore 1 |
TOP OF THE 7TH |
Austin River Sharks batting - Pitching for Jersey Shore D-Bags : LHP Li-xue Si-ma
|
Batting: LHB Terry Maloney
|
0-0: Ball 1-0: Called Strike 1-1: Called Strike 1-2: Ball 2-2: Ball 3-2: Strikes out swinging
|
Batting: RHB Rich Ruffin
|
0-0: Called Strike 0-1: SINGLE (Groundball, 6M)
|
Batting: LHB Pedro Zaragoza
|
0-0: Fly out, F6 (Line Drive, 6M)
|
Batting: SHB Juan Castro
|
0-0: Called Strike 0-1: Ball 1-1: Fly out, F8 (Flyball, 8RXD)
|
Top of the 7th over - 0 run(s), 1 hit(s), 0 error(s), 1 left on base; Austin 0 - Jersey Shore 1 |
BOTTOM OF THE 7TH |
Jersey Shore D-Bags batting - Pitching for Austin River Sharks : RHP José Martínez
|
Batting: LHB Mike Bryant
|
0-0: Swinging Strike 0-1: Ball 1-1: Called Strike 1-2: Strikes out swinging
|
Batting: LHB Dave Dodd
|
0-0: Ball 1-0: Swinging Strike 1-1: Ball 2-1: Fly out, F7 (Flyball, 7D)
|
Batting: SHB Tadahisa Kisuki
|
0-0: Ball 1-0: SINGLE (Line Drive, 6D)
|
Batting: LHB Armando Macías
|
0-0: Foul Ball, location: 2F 0-1: Ball 1-1: Ground out 4-3 (Groundball, 34)
|
Bottom of the 7th over - 0 run(s), 1 hit(s), 0 error(s), 1 left on base; Austin 0 - Jersey Shore 1 |
TOP OF THE 8TH |
Austin River Sharks batting - Pitching for Jersey Shore D-Bags : LHP Li-xue Si-ma
|
Batting: RHB Kenneth Roberts
|
0-0: Called Strike 0-1: Ball 1-1: Ground out 1-3 (Groundball, 13)
|
Batting: RHB José Balina
|
0-0: Called Strike 0-1: Called Strike 0-2: Ground out U3 (Groundball, 3)
|
Batting: RHB Tyler Wagner
|
0-0: SINGLE (Line Drive, 78S)
|
Batting: RHB Hidetada Kichida
|
0-0: Called Strike 0-1: DOUBLE (Line Drive, 9LM) Tyler Wagner to third
|
Batting: LHB Roberto García
|
0-0: Foul Ball, location: 2F 0-1: Ball 1-1: Ball 2-1: SINGLE (Groundball, 3D) Tyler Wagner scores Hidetada Kichida to third Runner from 3rd tries for Home, SAFE, no throw or cutoff
|
Pitching: LHP Hyo-chin Kim
|
|
Batting: LHB Terry Maloney
|
0-0: Fielders Choice at 2nd, U6 (Groundball, 6M)
|
Top of the 8th over - 2 run(s), 3 hit(s), 0 error(s), 1 left on base; Austin 2 - Jersey Shore 1 |
BOTTOM OF THE 8TH |
Jersey Shore D-Bags batting - Pitching for Austin River Sharks : RHP José Martínez
|
Batting: LHB Ricardo Berroa
|
0-0: Ball 1-0: Ball 2-0: Called Strike 2-1: Called Strike 2-2: Ball 3-2: Foul Ball, location: 2F 3-2: Foul Ball, location: 2F 3-2: DOUBLE (Flyball, 89D)
|
Pitching: RHP Armen Boyajian
|
|
Pinch Hitting: RHB Pedro Rodríguez
|
0-0: Called Strike 0-1: Swinging Strike 0-2: Ball 1-2: Ball 2-2: Ball 3-2: Base on Balls
|
Batting: RHB Cy Keynes
|
0-0: Ball 1-0: Ball 2-0: Foul Ball, location: 2F 2-1: Grounds into double play, 5-4-3 (Groundball, 5) Ricardo Berroa to third
|
Pinch Hitting: LHB Albert Morgan
|
0-0: SINGLE (Groundball, 3D) Ricardo Berroa scores
|
Batting: RHB Ricardo González
|
0-0: Ball 1-0: Ground out 4-3 (Groundball, 4MS)
|
Bottom of the 8th over - 1 run(s), 2 hit(s), 0 error(s), 1 left on base; Austin 2 - Jersey Shore 2 |
TOP OF THE 9TH |
Austin River Sharks batting - Pitching for Jersey Shore D-Bags : LHP Hyo-chin Kim
|
Pitching: LHP Gerald Johnson
|
|
Now at 2B: John Moore
|
|
Now at 3B: Pedro Rodríguez
|
|
Batting: RHB Rich Ruffin
|
0-0: SINGLE (Flyball, 3D)
|
Batting: LHB Pedro Zaragoza
|
0-0: Sac Bunt - play at first, batter OUT! 5-4 Rich Ruffin to second
|
Batting: SHB Juan Castro
|
0-0: Foul Ball, location: 2F 0-1: Ball 1-1: Swinging Strike 1-2: Foul Ball, location: 2F 1-2: Foul Ball, location: 2F 1-2: Ball 2-2: Ball 3-2: Strikes out looking
|
Batting: RHB Kenneth Roberts
|
0-0: Called Strike 0-1: Ball 1-1: Foul Ball, location: 2F 1-2: Ball 2-2: Ball 3-2: Foul Ball, location: 2F 3-2: Foul Ball, location: 2F 3-2: Strikes out swinging
|
Top of the 9th over - 0 run(s), 1 hit(s), 0 error(s), 1 left on base; Austin 2 - Jersey Shore 2 |
BOTTOM OF THE 9TH |
Jersey Shore D-Bags batting - Pitching for Austin River Sharks : RHP Armen Boyajian
|
Pitching: LHP Miguel Martínez
|
|
Batting: LHB Mike Bryant
|
0-0: Foul Ball, location: 2F 0-1: Called Strike 0-2: Strikes out swinging
|
Batting: LHB Dave Dodd
|
0-0: Called Strike 0-1: Called Strike 0-2: Ball 1-2: Ball 2-2: Strikes out swinging
|
Pinch Hitting: RHB Owen Carter
|
0-0: Ball 1-0: Ball 2-0: Ball 3-0: Base on Balls
|
Batting: LHB Armando Macías
|
0-0: Ball 1-0: Ball 2-0: Ball 3-0: Called Strike 3-1: Called Strike 3-2: Ground out 1-3 (Groundball, 25)
|
Bottom of the 9th over - 0 run(s), 0 hit(s), 0 error(s), 1 left on base; Austin 2 - Jersey Shore 2 |
TOP OF THE 10TH |
Austin River Sharks batting - Pitching for Jersey Shore D-Bags : LHP Gerald Johnson
|
Now at 1B: Owen Carter
|
|
Batting: RHB José Balina
|
0-0: Foul Ball, location: 2F 0-1: Ball 1-1: Ball 2-1: Swinging Strike 2-2: Foul Ball, location: 2F 2-2: Ball 3-2: Fly out, F4 (Popup, 4MD)
|
Batting: RHB Tyler Wagner
|
0-0: Foul Ball, location: 2F 0-1: Swinging Strike 0-2: Ball 1-2: Strikes out swinging
|
Batting: RHB Hidetada Kichida
|
0-0: Ball 1-0: Fly out, F9 (Flyball, 9M)
|
Top of the 10th over - 0 run(s), 0 hit(s), 0 error(s), 0 left on base; Austin 2 - Jersey Shore 2 |
BOTTOM OF THE 10TH |
Jersey Shore D-Bags batting - Pitching for Austin River Sharks : LHP Miguel Martínez
|
Pinch Hitting: RHB Lawrence Yates
|
0-0: Called Strike 0-1: Ball 1-1: Ball 2-1: Foul Ball, location: 2F 2-2: Ball 3-2: Foul Ball, location: 2F 3-2: Foul Ball, location: 2F 3-2: Fly out, F9 (Line Drive, 9S)
|
Batting: RHB Pedro Rodríguez
|
0-0: Fly out, F7 (Flyball, 78M)
|
Batting: RHB Cy Keynes
|
0-0: Called Strike 0-1: Ball 1-1: Ball 2-1: Reached on error, E5 (Groundball, 5)
|
Batting: RHB John Moore
|
0-0: Ball 1-0: Called Strike 1-1: Ball 2-1: Ball 3-1: Called Strike 3-2: SINGLE (Line Drive, 3D) Cy Keynes to third Cy Keynes scores
|
|